 Dungeon Crawl Stone Soup version 0.30-a0-772-g5528072125 (console) character file.

Game seed: 7715271857699617663

2088497 rlgrobin the Grand Master (level 26, 363/388 HPs)
             Began as a Purple Draconian Transmuter on Feb 12, 2023.
             Was the Champion of Wu Jian.
             Escaped with the Orb
             ... and 4 runes on Feb 13, 2023!
             The game lasted 03:18:08 (83787 turns).

rlgrobin the Grand Master (DrTm)                   Turns: 83787, Time: 03:18:08

Health: 363/388    AC: 22    Str: 26    XL:     26   Next: 84%
Magic:  31/38      EV: 22    Int: 17    God:    Wu Jian [******]
Gold:   6910       SH:  5    Dex: 18    Spells: 19/47 levels left

rFire   + + .      SeeInvis .      - Unarmed
rCold   + . .      Faith    .    (shield currently unavailable)
rNeg    + . .      Spirit   .    (body armour unavailable)
rPois   +          Reflect  +    (helmet currently unavailable)
rElec   +          Harm     .    (cloak currently unavailable)
rCorr   .          Rampage  .    (gloves currently unavailable)
Will    +++..                    (boots currently unavailable)
Stlth   +                        n - amulet of reflection
HPRegen 0.84/turn                r - ring of Heugh {+Blink Fly rElec rF++ rN+}
MPRegen 0.26/turn                b - ring "Tucs" {Fly rElec rC+ Str+3}

@: dragon-form, flying, studying Transmutations
A: dragon claw, dragon scales, flying, boosted hp, breathe power, AC +12, giant,
unfitting armour, (cold-blooded), clumsy 1
0: Orb of Zot
}: 4/15 runes: decaying, serpentine, silver, abyssal
a: Breathe Dispelling Energy, End Transformation, Renounce Religion, Evoke
Blink, Wall Jump, Serpent's Lash, Heavenly Storm


You escaped.
You worshipped Wu Jian.
Wu Jian was exalted by your worship.
You were a fearsome quicksilver dragon!
You visited 11 branches of the dungeon, and saw 51 of its levels.
You visited the Abyss 3 times.
You visited 2 bazaars.

You collected 10205 gold pieces.
You spent 3295 gold pieces at shops.

Inventory:

Missiles
 t - 8 throwing nets
 J - 8 curare-tipped darts (quivered)
Armour
 s - a +2 hat (melded)
 H - the +18 shield of the Gong {Loud rN+ Will+ rCorr EV-5}
   (You found it on level 10 of the Dungeon)

   Loud:      It is deafeningly noisy when blocking attacks.
   EV:        It affects your evasion (-5).
   rN:        It protects you from negative energy.
   rCorr:     It protects you from acid and corrosion.
   Will:      It increases your willpower.
 W - a +2 cloak of preservation (melded)
 X - the +3 pair of gauntlets of War (melded) {Slay+5}
   (You found it on level 5 of the Vaults)

   Slay:      It affects your accuracy & damage with ranged weapons and melee
   (+5).
 Y - a +2 pair of boots (melded)
Jewellery
 b - the ring "Tucs" (right foreclaw) {Fly rElec rC+ Str+3}
   (You found it on level 12 of the Dungeon)

   [ring of protection from cold]

   Str:       It affects your strength (+3).
   rC:        It protects you from cold.
   rElec:     It insulates you from electricity.
   Fly:       It grants you flight.
 i - the ring of Sloth {Dex+4 SInv}
   (You took it off a deep elf annihilator on level 3 of the Elven Halls)

   [ring of see invisible]

   Dex:       It affects your dexterity (+4).
   SInv:      It lets you see invisible.
 n - an amulet of reflection (around neck)
 r - the ring of Heugh (left foreclaw) {+Blink Fly rElec rF++ rN+}
   (You took it off an ogre mage on level 5 of the Vaults)

   [ring of flight]

   rF:        It greatly protects you from fire.
   rElec:     It insulates you from electricity.
   rN:        It protects you from negative energy.
   Fly:       It grants you flight.
   +Blink:    It lets you blink.
 D - the ring "Siutoif" {+Blink Fly rElec rF+ Stlth-}
   (You found it in a bazaar)

   [ring of flight]

   rF:        It protects you from fire.
   rElec:     It insulates you from electricity.
   Fly:       It grants you flight.
   +Blink:    It lets you blink.
   Stlth:     It makes you less stealthy.
 S - a ring of willpower
 T - the ring "Koxyfop" {rPois EV+5 Int+3}
   (You bought it in a shop on level 2 of the Snake Pit)

   [ring of evasion]

   EV:        It affects your evasion (+5).
   Int:       It affects your intelligence (+3).
   rPois:     It protects you from poison.
 U - the ring of the Snail {Fly rC++ Slay+3}
   (You took it off a yaktaur on level 5 of the Vaults)

   [ring of flight]

   Slay:      It affects your accuracy & damage with ranged weapons and melee
   (+3).
   rC:        It greatly protects you from cold.
   Fly:       It grants you flight.
Wands
 e - a wand of roots (43)
 u - a wand of light (51)
 B - a wand of mindburst (34)
 F - a wand of polymorph (17)
 O - a wand of digging (5)
 Q - a wand of charming (13)
Scrolls
 c - 8 scrolls of amnesia
 g - 10 scrolls of fear
 l - 8 scrolls of enchant armour
 m - 26 scrolls of teleportation
 q - 5 scrolls of butterflies
 y - 6 scrolls of blinking
 z - 43 scrolls of identify
 A - 5 scrolls of fog
 E - 7 scrolls of magic mapping
 M - 5 scrolls of silence
Potions
 a - 8 potions of lignification
 d - 12 potions of flight
 f - 20 potions of curing
 h - 12 potions of brilliance
 k - 10 potions of mutation
 p - 5 potions of berserk rage
 v - 5 potions of magic
 w - a potion of ambrosia
 G - 7 potions of attraction
 I - 5 potions of cancellation
 K - 5 potions of heal wounds
 L - 10 potions of haste
 N - 6 potions of might
 P - 5 potions of invisibility
Miscellaneous
 j - a phantom mirror
 R - a lightning rod (4/4)
 V - a box of beasts


   Skills:
 + Level 25.5 Fighting
 + Level 24.5 Dodging
 - Level 4.2 Stealth
 O Level 27 Unarmed Combat
 - Level 11.3 Spellcasting
 - Level 9.3 Translocations
 - Level 17.1 Transmutations
 - Level 3.9 Ice Magic
 - Level 7.6 Evocations


You had 19 spell levels left.
You knew the following spells:

 Your Spells              Type           Power      Damage    Failure   Level
a - Vhi's Electric Charg  Tloc/Air       50%        N/A       3%          3
b - Manifold Assault      Tloc           41%        N/A       1%          4
c - Ice Form              Ice/Tmut       45%        N/A       1%          4
d - Blink                 Tloc           82%        N/A       1%          2
e - Dragon Form           Tmut           30%        N/A       5%          7
f - Beastly Appendage     Tmut           100%       N/A       0%          1
g - Yara's Violent Unrav  Hex/Tmut       19%        3d9       6%          5
h - Wereblood             Tmut           61%        N/A       0%          2

Your spell library contained the following spells:

 Spells                   Type           Power      Damage    Failure   Level
 Apportation              Tloc           82%        N/A       1%          1
 Sting                    Tmut/Pois      100%       1d8       1%          1
 Lesser Beckoning         Tloc           82%        N/A       1%          2
 Passwall                 Tmut/Erth      31%        N/A       1%          2
 Gell's Gravitas          Tloc           41%        N/A       1%          3
 Spider Form              Tmut/Pois      38%        N/A       1%          3
 Teleport Other           Tloc           41%        N/A       1%          3
 Passage of Golubria      Tloc           41%        N/A       1%          4
 Blade Hands              Tmut           30%        N/A       1%          5
 Ignite Poison            Fire/Tmut/Pois 29%        N/A       2%          3
 Portal Projectile        Hex/Tloc       50%        N/A       3%          3
 Frozen Ramparts          Ice            44%        1d7       4%          3
 Kindle Blastsparks       Fire/Tloc/Air  40%        2d13      6%          3
 Irradiate                Conj/Tmut      19%        3d18      6%          5
 Foxfire                  Conj/Fire      36%        2x1d5     8%          1
 Kiss of Death            Conj/Necr      36%        2d8       8%          1
 Magic Dart               Conj           36%        1d4       8%          1
 Necrotise                Necr           36%        1d5       8%          1
 Sandblast                Erth           18%        2d7       8%          1
 Slow                     Hex            36%        N/A       8%          1
 Summon Small Mammal      Summ           36%        N/A       8%          1
 Hailstorm                Conj/Ice       16%        3d6       10%         3
 Iskenderun's Mystic Bla  Conj/Tloc      25%        2d7       11%         4
 Call Imp                 Summ           9%         N/A       12%         2
 Cigotuvi's Dreadful Rot  Necr/Pois/Air  18%        N/A       12%         2
 Poisonous Vapours        Pois/Air       18%        N/A       12%         2
 Static Discharge         Conj/Air       18%        2-3/arc   12%         2
 Call Canine Familiar     Summ           9%         N/A       22%         3
 Confusing Touch          Hex            9%         N/A       22%         3
 Dazzling Flash           Conj/Hex       18%        N/A       22%         3
 Inner Flame              Hex/Fire       9%         N/A       22%         3
 Mephitic Cloud           Conj/Pois/Air  9%         N/A       22%         3
 Stone Arrow              Conj/Erth      18%        3d8       22%         3
 Summon Guardian Golem    Hex/Summ       9%         N/A       22%         3
 Tukima's Dance           Hex            9%         N/A       22%         3
 Vampiric Draining        Necr           9%         2d6       22%         3
 Summon Forest            Summ/Tloc      12%        N/A       30%         5
 Eringya's Noxious Bog    Tmut/Pois      19%        N/A       34%         6
 Statue Form              Tmut/Erth      25%        N/A       34%         6
 Anguish                  Hex/Necr       4%         N/A       58%         4
 Animate Dead             Necr           9%         N/A       58%         4
 Cause Fear               Hex            4%         N/A       58%         4
 Dispel Undead            Necr           9%         3d8       58%         4
 Flame Wave               Conj/Fire      9%         2d6       58%         4
 Fulminant Prism          Conj/Hex       4%         3d5       58%         4
 Leda's Liquefaction      Hex/Erth       4%         N/A       58%         4
 Olgreb's Toxic Radiance  Pois           9%         N/A       58%         4
 Sticky Flame             Conj/Fire      9%         2d3       58%         4
 Storm Form               Tmut/Air       19%        N/A       88%         7
 Agony                    Necr           9%         N/A       91%         5
 Arcjolt                  Conj/Air       4%         1d14      91%         5
 Borgnjor's Vile Clutch   Necr/Erth      4%         N/A       91%         5
 Fireball                 Conj/Fire      4%         3d4       91%         5
 Iskenderun's Battlesphe  Conj           9%         2d6       91%         5
 Lee's Rapid Deconstruct  Erth           4%         3d5*      91%         5
 Lightning Bolt           Conj/Air       4%         1d16      91%         5
 Silence                  Hex/Air        4%         N/A       91%         5
 Summon Mana Viper        Hex/Summ       9%         N/A       91%         5
 Simulacrum               Ice/Necr       8%         N/A       99%         6
 Conjure Ball Lightning   Conj/Air       4%         3x3d6     100%        6
 Death Channel            Necr           4%         N/A       100%        6
 Iron Shot                Conj/Erth      4%         9d2       100%        6
 Starburst                Conj/Fire      4%         6d4       100%        6
 Summon Cactus Giant      Summ           4%         N/A       100%        6
 Enfeeble                 Hex            4%         N/A       100%        7
 Haunt                    Necr/Summ      4%         N/A       100%        7
 Orb of Destruction       Conj           4%         9d5       100%        7
 Ozocubu's Refrigeration  Ice            11%        4d9       100%        7
 Spellforged Servitor     Conj/Summ      4%         N/A       100%        7
 Summon Hydra             Summ           4%         N/A       100%        7
 Borgnjor's Revivificati  Necr           4%         N/A       100%        8
 Discord                  Hex            4%         N/A       100%        8
 Disjunction              Tloc           20%        N/A       100%        8
 Ignition                 Fire           4%         3d4       100%        8
 Infestation              Necr           4%         N/A       100%        8
 Lehudib's Crystal Spear  Conj/Erth      4%         10d3      100%        8
 Necromutation            Tmut/Necr      19%        N/A       100%        8
 Death's Door             Necr           4%         N/A       100%        9
 Dragon's Call            Summ           4%         N/A       100%        9
 Shatter                  Erth           4%         3d8*      100%        9
 Animate Armour           Summ/Erth      Unusable   N/A       N/A         4

Dungeon Overview and Level Annotations

Branches:
Dungeon (15/15)            Temple (1/1) D:7            Lair (5/5) D:8
  Swamp (4/4) Lair:2        Snake (4/4) Lair:2        Slime (0/5) Lair:4
    Orc (2/2) D:10            Elf (3/3) Orc:2        Vaults (5/5) D:14
  Crypt (3/3) Vaults:2       Tomb (0/3) Crypt:3      Depths (4/4) D:15
    Zot (5/5) Depths:4

Altars:
Ashenzari
Cheibriados
Dithmenos
Elyvilon
Fedhas
Gozag
Hepliaklqana
Kikubaaqudgha
Makhleb
Nemelex Xobeh
Okawaru
Qazlal
Ru
Sif Muna
Trog
Uskayaw
Vehumet
Wu Jian
Xom
Yredelemnul
Zin
The Shining One
Jiyva
Lugonu

Shops:
D:1 :   D:4 *   D:13 ?   Orc:2 (!:*   Elf:2 [   Snake:2 =   Depths:1 :
Depths:2 *   Depths:4 [[*(

Portals:
Hell: Depths:1 Depths:2 Depths:3 Depths:4
Abyss: D:13 Lair:5 Depths:3
Pandemonium: Orc:2 Depths:2
Ziggurat: Depths:2

Annotations:
Elf:2 5 runed translucent doors


Innate Abilities, Weirdness & Mutations

You are a fearsome quicksilver dragon!
You have a powerful clawing attack.
Your giant scaled body is strong and resiliant, but less evasive.
Your breath weapon is enhanced in this form.
You are flying.
Your maximum health is greatly increased.
Your armour is entirely melded.
You are incapable of wielding weapons or throwing items.
You can breathe bolts of dispelling energy.
Your rich purple scales are hard. (AC +12)
You cannot fit into any form of body armour.
((You are cold-blooded and may be slowed by cold attacks.))
You are clumsy. (Dex -2)


Message History

Things that are here:
a +2 falchion of flaming; a +1 shortbow of electrocution; a +0 robe
Casting: Dragon Form (mildly dangerous; 5% risk of failure)
Confirm with . or Enter, or press ? or * to list all spells.
Charge where?
Press: ? - help, Dir - move target, f - rust devil
Aim: a rust devil (97% to hit)
You charge forward with an electric crackle!
You completely miss the rust devil. The rust devil misses you.
You maul the rust devil!!!!
You kill the rust devil!
The Council accepts your kill.
(D) Dungeon (T) Temple (L) Lair (S) Swamp (P) Snake Pit (M) Slime Pits (O) Orcish Mines (E) Elven Halls (V) Vaults (C) Crypt (W) Tomb (U) Depths (H) Hell (Z) Zot
Where to? (Enter - D:1 @ (x,y), ? - help)
Things that are here:
a +2 falchion of flaming; a +1 shortbow of electrocution; a +0 robe Your transformation is almost over.
Your transformation has ended.
Your +2 cloak of preservation unmelds from your body.
Your +2 hat unmelds from your body.
The +3 pair of gauntlets of War {Slay+5} unmelds from your body.
Your +2 pair of boots unmelds from your body.
(D) Dungeon (T) Temple (L) Lair (S) Swamp (P) Snake Pit (M) Slime Pits (O) Orcish Mines (E) Elven Halls (V) Vaults (C) Crypt (W) Tomb (U) Depths (H) Hell (Z) Zot
Where to? (Enter - D:1 @ (x,y), ? - help) Magic restored.
There is a staircase leading out of the dungeon here.
Casting: Vhi's Electric Charge (mildly dangerous; 3% risk of failure)
Confirm with . or Enter, or press ? or * to list all spells.
You turn into a fearsome quicksilver dragon!
Your +2 cloak of preservation melds into your body.
Your +2 hat melds into your body.
The +3 pair of gauntlets of War {Slay+5} melds into your body.
Your +2 pair of boots melds into your body.
You have escaped!

##.# #.# #.# #..# #.#
##.####.######.# #>.#
#.# ##.............#
#..# #.#
#######.########
#..########.### # #.#
#.^............ #.#
##.########.###
###.############.# #.#
### #.........#...##.#
#.#
..###.#.#######.D.##.#
#.# #.......#
#...###########.###
#.##...######
#.....#............
.#..........#
#...>.##.####.###.#
#)##...####.#
#.....##.# #.# #.#
#.###.##
#.###...####.####.# #.#
......#
#.......##.....##.# #.#
#.#####
#.#.....###....[#.###.#
#.# #.#.....#
#[......##...


There were no monsters in sight!

Vanquished Creatures
  5 dread liches
  2 ancient liches
  Mara (Depths:3)
  8 orbs of fire
  The ghost of Toeph the Wrestler, a master TrAr of Okawaru (Zot:1)
  A juggernaut (Depths:2)
  Margery (Vaults:3)
  2 Killer Klowns (Zot:5)
  Vv (Zot:1)
  A curse toe (Crypt:3)
  6 pandemonium lords
  9 golden dragons
  Jory (Vaults:3)
  A bone dragon (Depths:4)
  2 profane servitors
  A Tzitzimitl (D:15)
  The ghost of bmj180 the Earth Mage, a veteran GrEE of Vehumet (Vaults:4)
  8 electric golems
  Jorgrun (D:15)
  A hellephant (Abyss:4)
  2 walking crystal tomes (Depths:3)
  2 Hell Sentinels
  11 tentacled monstrosities
  An Ice Fiend (Zot:1)
  A walking earthen tome (Depths:4)
  8 liches
  24 Orb Guardians
  Asterion (Snake:3)
  2 deep elf blademasters (Elf:3)
  3 titans
  12 quicksilver dragons
  A walking frostbound tome (Depths:3)
  10 death cobs
  A deep elf master archer (Elf:3)
  3 tentacled starspawn
  2 Executioners
  14 sphinxes
  The ghost of Ompaem the Warrior, an adept HOMo of Beogh (Depths:3)
  3 thorn hunters (Swamp:4)
  7 ancient champions
  6 revenants
  7 tengu reavers
  2 fenstrider witches
  20 storm dragons
  10 shadow dragons
  The ghost of vineage the Bludgeoner, an adept GrFi of Okawaru (Elf:3)
  2 draconian monks
  Donald (Vaults:3)
  11 fire giants
  A nagaraja (Snake:2)
  3 ghost moths
  6 draconian knights
  11 deep elf sorcerers
  16 vault wardens
  14 frost giants
  Aizul (Snake:4)
  4 balrugs
  4 draconian scorchers
  7 draconian shifters
  An orc warlord (Vaults:4)
  3 draconian stormcallers
  10 ghouls
  An angel (Depths:2)
  8 draconian annihilators
  3 curse skulls
  15 ironbound preservers
  8 deep elf elementalists (Elf:3)
  8 spriggan defenders
  15 very ugly things
  12 green draconians
  2 starflowers (Abyss:4)
  A rockslime zombie (Crypt:1)
  21 stone giants
  A war gargoyle (Vaults:1)
  4 vampire knights
  7 ironbound thunderhulks
  11 purple draconians
  The ghost of derval the Spry, a journeyman FeSu of Gozag (Swamp:4)
  3 eleionomae
  8 deep elf demonologists
  19 red draconians
  8 deep elf annihilators
  17 black draconians
  10 white draconians
  18 dire elephants
  Azrael (D:15)
  2 spark wasps (Depths:2)
  6 starcursed masses (Abyss:4)
  5 bunyips
  A minotaur (Vaults:4)
  8 deep elf death magi
  13 yellow draconians
  A merfolk javelineer (Vaults:4)
  2 pearl dragon zombies (Crypt:3)
  An eidolon (Crypt:3)
  Snorg (Orc:1)
  14 jiangshi
  Josephine (D:11)
  A quicksilver dragon zombie (Crypt:3)
  5 deep elf high priests
  8 ettins
  12 fire dragons
  2 entropy weavers (Vaults:1)
  A merfolk impaler (Vaults:4)
  2 shambling mangroves
  13 yaktaur captains
  3 salamander tyrants
  11 ice dragons
  Erolcha (Orc:1)
  7 great orbs of eyes
  2 ogre magi (Vaults:5)
  A hell beast (D:5)
  Erica (D:8)
  5 spriggan air magi
  2 rakshasas
  31 vault guards
  4 ghost crabs
  14 hydras
  The ghost of Mueg the Nimble, a journeyman DECj of Sif Muna (D:13)
  A demonspawn (Orc:2)
  9 ironbound frosthearts
  A death knight (Crypt:3)
  13 anacondas
  9 centaur warriors
  9 boulder beetles
  12 dancing weapons
  4 deep troll shamans
  4 two-headed ogres
  A bennu skeleton (Crypt:3)
  The ghost of bmj180 the Geomancer, a journeyman GrEE of Vehumet (D:9)
  5 hell hogs
  16 naga warriors
  8 deep troll earth magi
  7 thrashing horrors
  2 spriggan berserkers
  12 vampire magi
  7 orc high priests (Orc:2)
  6 tengu warriors
  7 alligators
  8 shock serpents
  Urug (Lair:5)
  A soul eater (D:5)
  9 naga sharpshooters
  21 hell knights
  4 sun demons (D:11)
  6 iron trolls
  11 deep elf knights
  4 wretched stars (Abyss:4)
  2 cherubim
  26 skeletal warriors
  4 goliath frogs
  3 shadow wraiths
  A bunyip zombie (Crypt:2)
  A death drake (Zot:4)
  31 deep trolls
  4 flayed ghosts
  A sixfirhy (Abyss:4)
  6 naga ritualists
  A salamander mystic (Snake:4)
  3 spriggan druids
  4 skysharks
  2 orb spiders (shapeshifter)
  20 swamp dragons
  5 glowing orange brains
  3 lindwurms (Vaults:1)
  An orange crystal statue (Depths:2)
  8 wizards
  7 bog bodies
  9 deep elf archers
  7 necromancers
  2 fenstrider witch simulacra
  7 orc knights
  27 ironbound convokers
  10 phantasmal warriors
  25 deep elf pyromancers
  15 deep elf zephyrmancers
  A bunyip skeleton (Crypt:2)
  7 orc sorcerers
  8 mana vipers
  7 manticores
  2 oklob plants
  A shadow dragon skeleton (Crypt:3)
  8 cyclopes
  A worldbinder (D:13)
  10 salamanders
  6 will-o-the-wisps
  45 ugly things
  23 moths of wrath
  4 apis skeletons (Crypt:3)
  8 naga magi
  An ice statue (D:9)
  36 black mambas
  17 vault sentinels
  7 guardian serpents
  A black mamba (shapeshifter) (D:15)
  A fire giant skeleton (Crypt:3)
  A rust devil (D:1)
  14 elephants
  Joseph (D:8)
  2 orange demons
  9 cane toads
  A gargoyle (D:11)
  5 smoke demons
  2 unseen horrors
  A freezing wraith (Crypt:1)
  A red draconian zombie (Crypt:1)
  4 rime drakes
  38 yaktaurs
  5 ice devils
  A death yak skeleton (Crypt:2)
  2 efreet
  5 komodo dragons
  A white draconian skeleton (Crypt:3)
  A tormentor (Depths:4)
  5 tengu conjurers
  A harpy zombie (Crypt:3)
  2 red devils
  A queen bee (shapeshifter) (Vaults:5)
  6 trolls
  3 polar bears (D:8)
  4 ancient zymes
  5 hellwings
  A meliai (D:12)
  A wind drake (D:15)
  2 bloated husks
  6 tyrant leeches
  10 dream sheep
  A jumping spider zombie (Crypt:2)
  15 hornets
  2 ettin zombies (Crypt:1)
  Grinder (D:3)
  A fire dragon zombie (Crypt:2)
  4 raiju (Abyss:4)
  Prince Ribbit (D:6)
  A harpy skeleton (Abyss:4)
  34 slime creatures
  23 blink frogs
  9 flying skulls
  An ice dragon zombie (Crypt:1)
  11 water elementals
  11 wraiths
  36 yaks
  A shadow (D:9)
  7 ynoxinuls
  A spriggan (shapeshifter) (Lair:5)
  A satyr skeleton (Crypt:1)
  16 spriggans
  An air elemental (Abyss:4)
  5 vampires
  5 wyverns
  10 large abominations
  2 steam dragons
  3 fire bats (Abyss:4)
  4 fire elementals
  3 chaos spawn
  Grum (D:8)
  9 basilisks
  A neqoxec (D:11)
  3 wargs
  Menkaure (D:5)
  A redback (Vaults:1)
  14 swamp worms
  14 two-headed ogre zombies (Orc:1)
  15 vampire mosquitoes
  A warg (shapeshifter) (Elf:2)
  A fire bat zombie (Crypt:3)
  5 hydra simulacra (Depths:2)
  32 nagas
  18 water moccasins
  3 acid dragons
  A water moccasin (shapeshifter) (Vaults:5)
  A demonspawn zombie (Crypt:1)
  4 hell hounds (D:15)
  A floating eye (D:10)
  7 swamp drakes
  37 orc warriors
  A naga skeleton (Crypt:1)
  5 sky beasts
  A blink frog zombie (Crypt:1)
  A glowing shapeshifter skeleton (Crypt:1)
  12 small abominations
  6 ice beasts (D:8)
  A fire dragon simulacrum (Crypt:3)
  7 wolves
  8 ogres
  2 wolves (shapeshifter)
  8 boggarts (Vaults:2)
  A torpor snail zombie (Crypt:2)
  13 centaurs
  A blink frog skeleton (Crypt:3)
  A kobold brigand (D:8)
  2 phantoms (D:10)
  11 bullfrogs
  3 earth elementals
  4 gnoll sergeants
  A necrophage (D:7)
  A scorpion (shapeshifter) (D:15)
  6 scorpions
  3 troll zombies (D:10)
  11 wights
  5 killer bees
  4 electric eels
  5 howler monkeys (D:7)
  A troll skeleton (Crypt:3)
  2 hounds (D:5)
  A gnoll bouda (D:5)
  4 jellies
  Crazy Yiuf (D:3)
  28 orc priests
  Jessica (D:2)
  Natasha (thrice) (D:3)
  A black bear skeleton (Crypt:2)
  30 orc wizards
  An iguana (D:4)
  5 ogre zombies (D:10)
  37 gnolls
  11 adders
  A steam dragon skeleton (Crypt:1)
  3 white imps
  3 ufetubi
  An iguana zombie (Crypt:3)
  A lava snake zombie (Crypt:2)
  An adder skeleton (Crypt:3)
  3 worms
  3 dart slugs
  76 orcs
  2 bats
  2 endoplasms
  2 giant cockroaches (D:2)
  A giant cockroach (shapeshifter) (Vaults:5)
  5 goblins
  6 hobgoblins
  3 jackals (D:5)
  4 quokkas
  6 ball pythons
  9 frilled lizards
  5 goblin skeletons
  5 goblin zombies (D:10)
  2 hobgoblin zombies (D:10)
  14 kobolds
  2 orc skeletons
  13 orc zombies (D:10)
  5 rats
  A rat (shapeshifter) (D:13)
  4 briar patches (Swamp:4)
  2 starspawn tentacles (Abyss:2)
2272 creatures vanquished.

Vanquished Creatures (others)
  2 wizards
  A smoke demon (Depths:1)
  A bloated husk (Swamp:3)
  A water elemental (Depths:2)
  A vampire (Abyss:4)
  A yak (D:7)
  A naga (Snake:1)
  A hound (D:7)
  8 briar patches (Swamp:4)
  A bush (D:9)
  A butterfly (D:8)
  10 foxfires
  36 fungi
  A lurking horror (Abyss:4)
  83 plants
  3 starspawn tentacles (Abyss:2)
152 creatures vanquished.

Grand Total: 2424 creatures vanquished

Notes
Turn   | Place    | Note
-------+----------+-------------------------------------------
     0 | D:1      | rlgrobin the Draconian Transmuter began the quest for the
                  | Orb.
     0 | D:1      | Reached XP level 1. HP: 16/16 MP: 3/3
   242 | D:1      | Reached skill level 1 in Stealth
   256 | D:1      | Found Fuapheack's Book Shop.
   409 | D:1      | Reached XP level 2. HP: 23/23 MP: 3/5
   957 | D:2      | Noticed Jessica
  1231 | D:2      | Reached XP level 3. HP: 28/28 MP: 4/6
  1535 | D:2      | Reached skill level 4 in Unarmed Combat
  1678 | D:3      | Identified the +0 robe "Sodobewi" {Will+}
  1679 | D:3      | Noticed Natasha
  1691 | D:3      | Killed Natasha
  1692 | D:3      | Reached XP level 4. HP: 26/35 MP: 7/7
  1769 | D:3      | Noticed Grinder
  2067 | D:2      | Reached skill level 5 in Unarmed Combat
  2635 | D:3      | Reached XP level 5. HP: 40/40 MP: 5/8
  2773 | D:3      | Noticed Natasha
  2788 | D:3      | Killed Natasha
  2949 | D:3      | Identified the +1 scale mail of Uskayaw {rPois rC++ rCorr}
  3181 | D:4      | Reached XP level 6. HP: 47/47 MP: 7/9
  3339 | D:4      | Reached skill level 6 in Unarmed Combat
  3782 | D:4      | Found Igaraif's General Store.
  3788 | D:4      | Bought a scroll of teleportation for 39 gold pieces
  3923 | D:5      | Entered Level 5 of the Dungeon
  3923 | D:5      | Noticed a +0 spear
  3923 | D:5      | Noticed a +0 dagger
  3923 | D:5      | Noticed a +0 spear
  3923 | D:5      | Noticed a +0 falchion
  3923 | D:5      | Noticed a +0 short sword
  3923 | D:5      | Noticed a +0 falchion
  3924 | D:5      | Found a hide-covered altar of Uskayaw.
  3924 | D:5      | Noticed a +0 dagger
  3924 | D:5      | Noticed a +0 short sword
  4023 | D:5      | Reached skill level 1 in Evocations
  4023 | D:5      | Your scales start taking on a rich purple colour.
  4023 | D:5      | Reached XP level 7. HP: 52/52 MP: 8/10
  4116 | D:5      | Reached skill level 7 in Unarmed Combat
  4564 | D:5      | Noticed Menkaure
  4839 | D:6      | Reached XP level 8. HP: 63/63 MP: 9/11
  4856 | D:6      | Found an opulent altar of Gozag.
  4902 | D:6      | Noticed Prince Ribbit
  4917 | D:6      | Killed Prince Ribbit
  4918 | D:6      | Reached skill level 8 in Unarmed Combat
  5063 | D:6      | Found a sacrificial altar of Ru.
  5234 | D:6      | Found a stormy altar of Qazlal.
  5366 | D:6      | Reached skill level 5 in Fighting
  5739 | D:7      | Found a shimmering altar of Xom.
  5828 | D:7      | Reached skill level 9 in Unarmed Combat
  5892 | D:7      | Found a staircase to the Ecumenical Temple.
  5901 | Temple   | Entered the Ecumenical Temple
  6062 | D:7      | Found a blossoming altar of Fedhas.
  6095 | D:7      | Reached skill level 5 in Dodging
  6095 | D:7      | Reached XP level 9. HP: 58/74 MP: 10/12
  6103 | D:7      | Found a bloodstained altar of Trog.
  6105 | D:7      | Noticed a wizard
  6110 | D:7      | Killed a wizard
  6562 | D:7      | Reached skill level 10 in Unarmed Combat
  6795 | D:7      | Learned a level 2 spell: Wereblood
  6798 | D:8      | Noticed Joseph
  6879 | D:8      | Noticed Grum
  6894 | D:8      | Killed Grum
  7092 | D:8      | Noticed a polar bear
  7095 | D:8      | Noticed a rime drake
  7145 | D:8      | Found an ornate altar of the Wu Jian Council.
  7150 | D:8      | Became a worshipper of the Wu Jian Council
  7209 | D:8      | Noticed Erica
  7222 | D:8      | Killed Erica
  7223 | D:8      | Reached XP level 10. HP: 42/81 MP: 13/16
  7436 | D:8      | Killed Joseph
  7437 | D:8      | Reached skill level 5 in Transmutations
  7587 | D:8      | Reached skill level 5 in Spellcasting
  7598 | D:8      | Found a white marble altar of Elyvilon.
  7816 | D:8      | Found a staircase to the Lair.
  8252 | D:8      | Found a shadowy altar of Dithmenos.
  8439 | D:8      | Learned a level 4 spell: Ice Form
  8462 | D:9      | Found a transporter.
  8561 | D:9      | Reached * piety under Wu Jian
  8562 | D:9      | Reached skill level 1 in Ice Magic
  9136 | D:9      | Reached XP level 11. HP: 60/86 MP: 18/21
  9438 | D:9      | Noticed a boulder beetle
  9524 | D:9      | Found a transporter.
  9529 | D:9      | Noticed bmj180's ghost (journeyman GrEE)
  9626 | D:10     | Entered Level 10 of the Dungeon
  9649 | D:10     | Found an ancient bone altar of Kikubaaqudgha.
  9674 | D:10     | Reached ** piety under Wu Jian
  9751 | D:10     | Noticed a wizard
  9753 | D:10     | Noticed a two-headed ogre
  9789 | D:10     | Found a glowing golden altar of the Shining One.
 10042 | D:10     | Found the +18 shield of the Gong {Loud rN+ Will+ rCorr
                  | EV-5}
 10066 | D:10     | Noticed a centaur warrior
 10213 | D:10     | a centaur warrior changed into a floating eye
 10216 | D:10     | Paralysed by a floating eye for 4 turns
 10317 | D:10     | Noticed a white ugly thing
 10335 | D:10     | Killed a white ugly thing
 10462 | D:10     | Found a staircase to the Orcish Mines.
 10507 | D:10     | Reached *** piety under Wu Jian
 10660 | D:10     | Found a radiant altar of Vehumet.
 10672 | D:10     | Found a shimmering blue altar of Sif Muna.
 10730 | D:10     | Got Sif Muna's Papyrus of Vicissitude
 11736 | Lair:1   | Entered Level 1 of the Lair of Beasts
 11746 | D:8      | Reached skill level 11 in Unarmed Combat
 13365 | Lair:1   | Reached skill level 12 in Unarmed Combat
 13892 | Lair:2   | Reached XP level 12. HP: 91/95 MP: 20/22
 14040 | Lair:2   | Found a staircase to the Swamp.
 14980 | Lair:2   | Reached **** piety under Wu Jian
 15200 | Lair:2   | You fall into a shaft and drop 1 floor!
 15327 | Lair:3   | Reached skill level 13 in Unarmed Combat
 15490 | Lair:3   | Identified the +10 falchion "Tyts" {venom, Dex+3}
 15792 | Lair:3   | Reached skill level 10 in Dodging
 16508 | Lair:2   | Found a staircase to the Snake Pit.
 16721 | Lair:4   | Found a viscous altar of Jiyva.
 16721 | Lair:4   | Found a staircase to the Slime Pits.
 17033 | Lair:4   | Noticed a five-headed hydra
 17040 | Lair:4   | Killed a five-headed hydra
 17211 | Lair:4   | Reached skill level 14 in Unarmed Combat
 17694 | Lair:4   | Reached XP level 13. HP: 72/102 MP: 23/23
 17905 | Lair:5   | Entered Level 5 of the Lair of Beasts
 18103 | Lair:5   | Reached ***** piety under Wu Jian
 19271 | Lair:5   | Reached skill level 15 in Unarmed Combat
 19493 | Lair:5   | Found a corrupted altar of Lugonu.
 19493 | Lair:5   | Found a one-way gate to the infinite horrors of the Abyss.
 19734 | Lair:5   | Reached skill level 5 in Evocations
 19927 | Lair:5   | Reached skill level 10 in Fighting
 20340 | Lair:5   | Noticed Urug
 20361 | Lair:5   | Killed Urug
 20598 | Lair:5   | Found a sparkling altar of Nemelex Xobeh.
 20789 | Lair:5   | Reached XP level 14. HP: 114/121 MP: 24/24
 21055 | D:5      | Killed Menkaure
 21318 | D:3      | Noticed Natasha
 21325 | D:3      | Killed Natasha
 21455 | D:3      | Identified the +3 hammer of Veiduph {freeze, rPois Stlth+}
 21456 | D:3      | Found a runed translucent door.
 21459 | D:3      | Noticed Crazy Yiuf
 21468 | D:3      | Killed Crazy Yiuf
 21539 | D:3      | Killed Grinder
 21675 | D:3      | Found a burning altar of Makhleb.
 21760 | D:2      | Killed Jessica
 22126 | D:11     | Noticed Josephine
 22142 | D:11     | Killed Josephine
 22985 | D:12     | Learned a level 2 spell: Blink
 23065 | D:12     | Reached skill level 10 in Transmutations
 23156 | D:12     | Reached skill level 1 in Translocations
 23170 | D:12     | Identified the ring "Tucs" {Fly rElec rC+ Str+3}
 23256 | D:12     | Identified the +6 quarterstaff "Doix" {pain, Int+3 Dex-5
                  | SInv}
 23348 | D:12     | Found the +3 greatsling "Punk" {acid, rCorr}
 23746 | D:12     | Noticed a sphinx
 23758 | D:12     | Killed a sphinx
 24542 | D:12     | Noticed a frost giant
 24562 | D:12     | Killed a frost giant
 24843 | D:12     | Noticed a stone giant
 24857 | D:12     | Killed a stone giant
 25116 | D:12     | Noticed a fire giant
 25922 | D:13     | Noticed Mueg's ghost (journeyman DECj)
 25957 | D:13     | Found a transporter.
 25983 | D:13     | Found a transporter.
 26035 | D:13     | Found Qoleij's Magic Scroll Boutique.
 26055 | D:13     | Bought a scroll of butterflies for 48 gold pieces
 26055 | D:13     | Bought a scroll of magic mapping for 90 gold pieces
 26100 | D:13     | Reached ****** piety under Wu Jian
 26550 | Orc:1    | Entered Level 1 of the Orcish Mines
 26703 | Orc:2    | Entered Level 2 of the Orcish Mines
 26795 | Orc:2    | Found a staircase to the Elven Halls.
 26986 | Orc:2    | Found a flickering gateway to a bazaar.
 27040 | Bazaar   | Entered a bazaar
 27102 | Bazaar   | Identified the ring "Siutoif" {+Blink Fly rElec rF+ Stlth-}
 27114 | Bazaar   | Found Qeklar's Distillery.
 27133 | Bazaar   | Found Yngut's Distillery.
 27153 | Bazaar   | Found Sacosyd's Magic Scroll Shop.
 27183 | Bazaar   | Found Iczen's Magic Scroll Shop.
 27202 | Bazaar   | Bought a potion of haste for 100 gold pieces
 27202 | Bazaar   | Bought 2 potions of heal wounds for 100 gold pieces
 27222 | Bazaar   | Bought a potion of haste for 100 gold pieces
 27222 | Bazaar   | Bought a potion of heal wounds for 50 gold pieces
 27237 | Bazaar   | Bought a scroll of blinking for 105 gold pieces
 27237 | Bazaar   | Bought a scroll of magic mapping for 105 gold pieces
 27265 | Bazaar   | Bought a scroll of acquirement for 884 gold pieces
 27266 | Bazaar   | Acquired 1143 gold pieces
 27269 | Bazaar   | Bought a scroll of enchant armour for 127 gold pieces
 27269 | Bazaar   | Bought a scroll of enchant armour for 127 gold pieces
 27463 | Orc:2    | Found Xaoriv's Distillery.
 27580 | Orc:2    | Found Gaefuin's General Store.
 27662 | Orc:2    | Reached XP level 15. HP: 110/129 MP: 27/27
 27844 | Orc:2    | Bought 2 potions of haste for 240 gold pieces
 29137 | Orc:2    | Found Repatzit's Book Shoppe.
 29137 | Orc:2    | Found Etyploog's Antique Weapon Emporium.
 29137 | Orc:2    | Found a one-way gate leading to the halls of Pandemonium.
 29593 | Orc:1    | Noticed Snorg
 29601 | Orc:1    | Killed Snorg
 30293 | Orc:1    | Noticed Erolcha
 30326 | Orc:1    | Killed Erolcha
 31345 | D:14     | Found a gate to the Vaults.
 31759 | D:14     | Found an iron altar of Okawaru.
 31869 | D:15     | Entered Level 15 of the Dungeon
 31869 | D:15     | Noticed Azrael
 32729 | D:15     | Learned a level 7 spell: Dragon Form
 33497 | D:15     | Killed Azrael
 33621 | D:15     | Noticed Jorgrun
 33653 | D:15     | Killed Jorgrun
 33985 | D:15     | Found a staircase to the Depths.
 33985 | D:15     | Noticed a frost giant
 33994 | D:15     | Killed a frost giant
 33995 | D:15     | Reached skill level 15 in Transmutations
 34552 | Snake:1  | Entered Level 1 of the Snake Pit
 34882 | Snake:1  | Reached XP level 16. HP: 46/137 MP: 29/29
 35849 | Snake:1  | Reached skill level 10 in Spellcasting
 37378 | Snake:1  | Found a hide-covered altar of Uskayaw.
 38439 | Snake:2  | Identified the +2 flail "Xumithr Larch" {freeze, rPois}
 38556 | Snake:2  | Found Gizoax's Jewellery Boutique.
 38586 | Snake:2  | Bought the ring "Koxyfop" {rPois EV+5 Int+3} for 909 gold
                  | pieces
 40095 | Snake:3  | Identified the +10 dagger of Gule {flame, rN++}
 40114 | Snake:3  | Noticed Asterion
 40120 | Snake:3  | Killed Asterion
 40551 | Snake:4  | Entered Level 4 of the Snake Pit
 41119 | Snake:4  | Reached XP level 17. HP: 150/150 MP: 25/32
 41223 | Snake:4  | Noticed Aizul
 41228 | Snake:4  | Killed Aizul
 41813 | Snake:4  | Noticed a quicksilver dragon
 41813 | Snake:4  | Noticed a quicksilver dragon
 41819 | Snake:4  | Killed a quicksilver dragon
 41827 | Snake:4  | Killed a quicksilver dragon
 41836 | Snake:4  | Got a serpentine rune of Zot
 42430 | D:9      | Killed bmj180's ghost
 42847 | D:13     | Killed Mueg's ghost
 42993 | D:13     | Identified the ring "Semm" {Contam rPois MP+9 Int+5}
 43012 | D:13     | Upgraded the game from 0.30-a0-760-g5a9884bb7c to
                  | 0.30-a0-772-g5528072125
 43202 | Swamp:1  | Entered Level 1 of the Swamp
 43246 | Swamp:1  | Paralysed by a fenstrider witch for 5 turns
 43575 | Swamp:1  | Identified the +0 leather armour "Xydworoa" {+Inv}
 43839 | Swamp:2  | You are sucked into a shaft and drop 1 floor!
 43995 | Swamp:3  | Got Sif Muna's Book of Frosty Sculpting
 44040 | Swamp:3  | Reached skill level 15 in Dodging
 44867 | Swamp:2  | Reached skill level 16 in Unarmed Combat
 45014 | Swamp:2  | Got the Codex of Glamour and Bombardment
 45034 | Swamp:2  | Identified the +3 falchion "Mocs" {venom, *Rage rF++ Will+
                  | SInv}
 45319 | Swamp:4  | Entered Level 4 of the Swamp
 45559 | Swamp:4  | Reached XP level 18. HP: 99/157 MP: 28/33
 46085 | Swamp:4  | Noticed a tentacled monstrosity
 46091 | Swamp:4  | Killed a tentacled monstrosity
 46092 | Swamp:4  | Reached skill level 17 in Unarmed Combat
 46208 | Swamp:4  | Found a runed translucent door.
 46209 | Swamp:4  | Found a shimmering altar of Xom.
 46209 | Swamp:4  | Noticed derval's ghost (journeyman FeSu)
 46799 | Swamp:4  | Got a decaying rune of Zot
 47082 | Swamp:4  | Reached skill level 18 in Unarmed Combat
 47119 | Swamp:4  | Killed derval's ghost
 47121 | Swamp:4  | Identified the +2 whip of Traps {spect, rC+ rCorr}
 47449 | Vaults:1 | Entered Level 1 of the Vaults
 47783 | Vaults:1 | Reached skill level 5 in Translocations
 47840 | Vaults:1 | Learned a level 3 spell: Vhi's Electric Charge
 47846 | Vaults:1 | Learned a level 5 spell: Yara's Violent Unravelling
 48169 | Vaults:1 | Identified the +7 quarterstaff "Tynits" {heavy, Dex+3}
 49018 | Vaults:1 | Reached skill level 15 in Fighting
 49193 | Vaults:1 | Reached XP level 19. HP: 170/170 MP: 21/34
 49920 | Vaults:2 | Identified the +9 sling "Tacaina" {flame, Drain rPois rC+
                  | rCorr}
 50647 | Vaults:2 | Found a staircase to the Crypt.
 50708 | Abyss:2  | Cast into level 2 of the Abyss (a wizard)
 50713 | Abyss:2  | Found a corrupted altar of Lugonu.
 50814 | Abyss:2  | Found a corrupted altar of Lugonu.
 50854 | Vaults:2 | Escaped the Abyss
 51435 | Vaults:3 | Noticed Donald
 51449 | Vaults:3 | Killed Donald
 51500 | Vaults:3 | Noticed Margery
 51525 | Vaults:3 | Killed Margery
 52113 | Vaults:3 | Identified the +8 dagger "Taohed" {distort, Fragile Int+4
                  | Dex+2}
 52183 | Vaults:3 | Noticed Jory
 52221 | Vaults:3 | Killed Jory
 52222 | Vaults:3 | Reached skill level 19 in Unarmed Combat
 52716 | Vaults:3 | Identified the +9 falchion of Uncertain Death {drain, rF-
                  | rC++ Int+2}
 53160 | Vaults:4 | Identified the +2 falchion of the Spectre {flame, Drain
                  | MP+9 Int+5 Dex+4}
 53164 | Vaults:4 | Found a flickering gateway to a bazaar.
 53176 | Bazaar   | Entered a bazaar
 53176 | Bazaar   | Found Besewa's General Store.
 53176 | Bazaar   | Found Nuont's Antique Weapon Shop.
 53251 | Bazaar   | Found Yschedosa's Antique Armour Shop.
 53259 | Bazaar   | Bought a glowing scarf for 176 gold pieces
 53618 | Vaults:4 | Reached skill level 20 in Unarmed Combat
 53927 | Vaults:4 | Reached XP level 20. HP: 180/180 MP: 27/35
 54850 | Vaults:4 | Found a runed translucent gate.
 54850 | Vaults:4 | Found a runed translucent gate.
 54850 | Vaults:4 | Found a runed translucent gate.
 54851 | Vaults:4 | Noticed bmj180's ghost (veteran GrEE)
 54853 | Vaults:4 | Found an iron altar of Okawaru.
 54974 | Abyss:4  | Cast into level 4 of the Abyss (orc warlord)
 55048 | Abyss:4  | Reached skill level 21 in Unarmed Combat
 55098 | Abyss:4  | Paralysed by an air elemental for 1 turns
 55186 | Abyss:4  | Found a corrupted altar of Lugonu.
 55232 | Vaults:4 | Escaped the Abyss
 55233 | Vaults:4 | Killed bmj180's ghost
 55844 | Vaults:4 | Identified the +5 plate armour "Muleakk" {+Blink Str-4
                  | Dex+2 Stlth+}
 56126 | Depths:1 | Entered Level 1 of the Depths
 56196 | Depths:1 | Identified the +3 war axe of Perversion {drain, Str+2
                  | Int+5}
 56261 | Depths:1 | Found a gateway to Hell.
 56666 | Depths:1 | Found Nergh's Book Emporium.
 57080 | Depths:2 | Found Caoveodo's Gadget Gallery.
 57200 | Depths:2 | Found a one-way gateway to a ziggurat.
 57715 | Depths:2 | Noticed a juggernaut
 57721 | Depths:2 | Killed a juggernaut
 57722 | Depths:2 | Reached XP level 21. HP: 188/188 MP: 28/36
 59017 | Depths:3 | Identified the +1 robe of Recklessness {Regen+ Str+3}
 59082 | Depths:3 | Identified the ring of Plog {Wiz Fly rN+ Slay-6}
 59491 | Depths:3 | Got the Anthology of Befouled Company
 60373 | Depths:3 | Noticed Mara
 60384 | Depths:3 | Noticed rlgrobin's illusion
 60967 | Depths:3 | Noticed rlgrobin's illusion
 60967 | Depths:3 | Killed Mara
 61018 | Depths:3 | Found a runed translucent gate.
 61018 | Depths:3 | Found a runed translucent gate.
 61020 | Depths:3 | Found a runed translucent gate.
 61021 | Depths:3 | Noticed Ompaem's ghost (adept HOMo)
 61033 | Depths:3 | Killed Ompaem's ghost
 61105 | Depths:4 | Entered Level 4 of the Depths
 61284 | Depths:4 | Found Jiffeimm's General Store.
 61289 | Depths:4 | Found Kyer's Armour Shoppe.
 61451 | Depths:4 | Found Fikhlaajuo's Weapon Emporium.
 61455 | Depths:4 | Bought a potion of heal wounds for 95 gold pieces
 61455 | Depths:4 | Found Tafecol's Armour Shoppe.
 61907 | Depths:4 | Found a gate to the Realm of Zot.
 62536 | Depths:4 | Reached XP level 22. HP: 201/201 MP: 27/37
 62929 | Crypt:1  | Entered Level 1 of the Crypt
 63861 | Crypt:2  | Reached skill level 22 in Unarmed Combat
 64853 | Crypt:3  | Entered Level 3 of the Crypt
 65491 | Crypt:3  | Found a staircase to the Tomb.
 65555 | Crypt:3  | Reached skill level 23 in Unarmed Combat
 65890 | Crypt:3  | Found a basalt altar of Yredelemnul.
 65891 | Crypt:3  | Noticed a dread lich
 65891 | Crypt:3  | Found an ancient bone altar of Kikubaaqudgha.
 65891 | Crypt:3  | Noticed a curse toe
 65894 | Crypt:3  | Killed a dread lich
 65897 | Crypt:3  | Killed a curse toe
 66268 | Crypt:3  | Got Sif Muna's Compilation of Silt
 66331 | Crypt:3  | Found the +5 scythe "Finisher" {speed, eviscerate}
 66341 | Crypt:3  | Identified the +5 executioner's axe "Gietupni" {holy, *Rage
                  | rElec rN++ Dex+3}
 66511 | Crypt:3  | Found a basalt altar of Yredelemnul.
 66603 | Crypt:3  | Reached skill level 24 in Unarmed Combat
 66897 | Elf:1    | Entered Level 1 of the Elven Halls
 66938 | Elf:1    | Learned a level 4 spell: Manifold Assault
 67199 | Elf:1    | Found the +8 trishula "Condemnation" {holy, anguish, *Noise
                  | Fly rN+}
 67307 | Elf:1    | Identified the +1 chain mail "Qaokiem" {Will+ rCorr Dex+2}
 68045 | Elf:2    | Reached XP level 23. HP: 213/213 MP: 26/38
 68211 | Elf:2    | Found Biklamae's Antique Armour Emporium.
 68366 | Abyss:4  | Cast into level 4 of the Abyss (+3 halberd of distortion)
 68421 | Abyss:4  | Found a corrupted altar of Lugonu.
 68421 | Abyss:4  | Found a corrupted altar of Lugonu.
 68427 | Abyss:4  | Got an abyssal rune of Zot
 68434 | Elf:2    | Escaped the Abyss
 68864 | Elf:2    | Found a huge runed translucent gate.
 68864 | Elf:2    | Found a huge runed translucent gate.
 68864 | Elf:2    | Found a huge runed translucent gate.
 68865 | Elf:2    | Found a huge runed translucent gate.
 68866 | Elf:2    | Found a huge runed translucent gate.
 68926 | Elf:3    | Entered Level 3 of the Elven Halls
 69112 | Elf:3    | Found a runed translucent gate.
 69112 | Elf:3    | Found a runed translucent gate.
 69112 | Elf:3    | Found a runed translucent gate.
 69118 | Elf:3    | Noticed vineage's ghost (adept GrFi)
 69436 | Elf:3    | Reached skill level 25 in Unarmed Combat
 70070 | Elf:3    | Identified the +4 great sword of the Lair of Beasts {venom,
                  | Will+ MP+9}
 70116 | Elf:3    | Identified the +6 halberd of Ignis's Hatred {freeze, rC-
                  | rCorr Int+2 Dex+8}
 70305 | Elf:3    | Identified the ring of Sloth {Dex+4 SInv}
 70321 | Elf:3    | Found the +10 Black Knight's barding {ponderous, rPois rN+}
 70337 | Elf:3    | Identified the +5 plate armour "Wucossum" {+Blink rN+}
 70366 | Elf:3    | Found the +10 dark maul {heavy}
 70424 | Elf:3    | Identified the +1 robe "Maojut" {rPois rF- rCorr Int+4}
 71278 | Elf:3    | Killed vineage's ghost
 71510 | Elf:3    | Identified the +0 cloak "Gaupida" {Will- Int+6 Dex-3 SInv}
 71896 | Vaults:5 | Entered Level 5 of the Vaults
 73271 | Vaults:5 | Identified the ring of the Snail {Fly rC++ Slay+3}
 73322 | Vaults:5 | Reached XP level 24. HP: 221/221 MP: 30/38
 73613 | Vaults:5 | Identified the ring of Ifeohuh {rPois rF- MP+9 Stlth+}
 73713 | Vaults:5 | Identified the ring of Heugh {+Blink Fly rElec rF++ rN+}
 73948 | Vaults:5 | Identified the +8 trident of the Scorching Seeker {pain,
                  | rPois rF- Int+4 SInv}
 73990 | Vaults:5 | Noticed an ancient lich
 74284 | Vaults:5 | Got the Incunabulum of Combat Magic and Bewitchment
 74290 | Vaults:5 | Got a silver rune of Zot
 74522 | Vaults:5 | Identified the +6 kite shield of Baldness {rN++ Str+2}
 74578 | Vaults:5 | Found the +3 pair of gauntlets of War {Slay+5}
 74840 | Vaults:5 | Killed an ancient lich
 75188 | Zot:1    | Entered Level 1 of the Realm of Zot
 76086 | Zot:1    | Noticed an orb of fire
 76091 | Zot:1    | Killed an orb of fire
 76177 | Zot:1    | Noticed Vv
 76183 | Zot:1    | Killed Vv
 76362 | Zot:1    | Found a runed translucent door.
 76362 | Zot:1    | Noticed Toeph's ghost (master TrAr)
 76609 | Zot:1    | Killed Toeph's ghost
 77152 | Zot:2    | Identified the +7 halberd "Widowermaker" {protect, Dex+3}
 77320 | Zot:2    | Reached XP level 25. HP: 240/240 MP: 38/38
 79162 | Zot:3    | Reached skill level 26 in Unarmed Combat
 79496 | Zot:3    | Noticed an orb of fire
 79498 | Zot:3    | Gained mutation: You sometimes lose your temper in combat.
                  | [an orb of fire]
 79501 | Zot:3    | Killed an orb of fire
 79514 | Zot:3    | Lost mutation: You sometimes lose your temper in combat.
                  | [potion of mutation]
 79514 | Zot:3    | Gained mutation: You passively map a small area around you.
                  | [potion of mutation]
 80677 | Zot:4    | Reached skill level 27 in Unarmed Combat
 80909 | Zot:4    | Identified the +7 spear of Beogh's Condemnation {freeze,
                  | rPois rC- rN++ rCorr}
 81749 | Zot:5    | Entered Level 5 of the Realm of Zot
 82196 | Zot:5    | Noticed an ancient lich
 82208 | Zot:5    | Killed an ancient lich
 82211 | Zot:5    | Noticed an orb of fire
 82220 | Zot:5    | Killed an orb of fire
 82222 | Zot:5    | Noticed an orb of fire
 82223 | Zot:5    | Reached XP level 26. HP: 251/251 MP: 38/38
 82230 | Zot:5    | Gained mutation: Your spells are a little easier to cast,
                  | but a little less powerful. [an orb of fire]
 82231 | Zot:5    | Gained mutation: Your mind is acute. (Int +4, Str/Dex -1)
                  | [an orb of fire]
 82235 | Zot:5    | Killed an orb of fire
 82276 | Zot:5    | Noticed an orb of fire
 82282 | Zot:5    | Killed an orb of fire
 82615 | Zot:5    | Noticed a dread lich
 82670 | Zot:5    | Killed a dread lich
 82847 | Zot:5    | Noticed a dread lich
 82873 | Zot:5    | Noticed an orb of fire
 82874 | Zot:5    | Noticed an orb of fire
 82879 | Zot:5    | Killed an orb of fire
 82881 | Zot:5    | Gained mutation: You sometimes lose your temper in combat.
                  | [an orb of fire]
 82887 | Zot:5    | Killed an orb of fire
 82889 | Zot:5    | Noticed an orb of fire
 82889 | Zot:5    | Noticed a dread lich
 82914 | Zot:5    | Killed an orb of fire
 82916 | Zot:5    | Killed a dread lich
 82929 | Zot:5    | Lost mutation: You passively map a small area around you.
                  | [potion of mutation]
 82929 | Zot:5    | Lost mutation: Your mind is acute. (Int +4, Str/Dex -1)
                  | [potion of mutation]
 82929 | Zot:5    | Gained mutation: You have an uncontrollable temper. [potion
                  | of mutation]
 82929 | Zot:5    | Gained mutation: Your muscles are strong. (Str +4, Int/Dex
                  | -1) [potion of mutation]
 82929 | Zot:5    | Gained mutation: Your system is resistant to poisons.
                  | (rPois) [potion of mutation]
 82930 | Zot:5    | Lost mutation: You have an uncontrollable temper. [potion
                  | of mutation]
 82930 | Zot:5    | Lost mutation: Your system is resistant to poisons. (rPois)
                  | [potion of mutation]
 82930 | Zot:5    | Lost mutation: Your spells are a little easier to cast, but
                  | a little less powerful. [potion of mutation]
 82930 | Zot:5    | Gained mutation: You are clumsy. (Dex -2) [potion of
                  | mutation]
 82931 | Zot:5    | Lost mutation: Your muscles are strong. (Str +4, Int/Dex
                  | -1) [potion of mutation]
 82931 | Zot:5    | Lost mutation: You sometimes lose your temper in combat.
                  | [potion of mutation]
 82948 | Zot:5    | Noticed a dread lich
 82954 | Zot:5    | Killed a dread lich
 82971 | Zot:5    | Got the Orb of Zot
 82993 | Zot:5    | Killed a dread lich
 83217 | Depths:4 | Noticed Aploclorph the pandemonium lord
 83220 | Depths:4 | Killed Aploclorph the pandemonium lord
 83320 | Depths:1 | Noticed Bunlic the pandemonium lord
 83324 | Depths:1 | Killed Bunlic the pandemonium lord
 83491 | D:11     | Noticed Aqer Beq the pandemonium lord
 83499 | D:11     | Killed Aqer Beq the pandemonium lord
 83520 | D:11     | Noticed Saucrama the pandemonium lord
 83523 | D:11     | Killed Saucrama the pandemonium lord
 83612 | D:8      | Noticed Bashitia the pandemonium lord
 83619 | D:8      | Killed Bashitia the pandemonium lord
 83660 | D:5      | Noticed Netash the pandemonium lord
 83669 | D:5      | Killed Netash the pandemonium lord
 83787 | D:$      | Escaped with the Orb!

Illustrated notes

Levels and vault maps discovered:
D:1:      amcnicky_arrival_blooded_trapdoor, layout_loops_ring, serial_shops,
          shop
D:2:      layout_basic, wad_floor_pattern_2, minmay_indecisive_spiral,
          uniq_jessica
D:3:      layout_basic, mainiacjoe_overflow_alcove_4,
          dreamdust_mushroom_princess, uniq_crazy_yiuf_cottage, uniq_grinder,
          uniq_natasha
D:4:      layout_basic, serial_shops, shop, st_stairs_6
D:5:      layout_loops_ring, nicolae_uskayaw_en_pointe, minmay_misc_feat_tower,
          chequers_serial_rivers_micro_a, uniq_menkaure
D:6:      layout_rooms, hangedman_ru_absence,
          mainiacjoe_overflow_six_doors_small, nicolae_gozag_seed_capital,
          uniq_prince_ribbit1
D:7:      layout_rooms, mainiacjoe_overflow_surrounded_room, trog_wizard,
          xom_confusion_cloud, minmay_temple_entry_grid, corexii_corridor_pit
D:8:      layout_cave_pods, mainiacjoe_overflow_24_doors,
          grunt_dithmenos_smoke_and_mirrors, nicolae_elyvilon_peaceful_grove,
          hellmonk_lair_entry_icy, serial_bayou_lagoon_a, uniq_joseph,
          uniq_grum, uniq_erica
D:9:      layout_basic, nzn_ghost_randoct, chequers_serial_rivers_micro_b,
          minmay_hedge_maze
D:10:     minmay_curly_fans, layout_stronghold,
          grunt_temple_overflow_magic_moments, mainiacjoe_overflow_catwalk,
          zombieorc2_lemuel, onia_ninara_dug_in_and_dangerous
D:11:     layout_basic, hangedman_decor_push, uniq_josephine
D:12:     minmay_box_of_curves, layout_loops_ring
D:13:     layout_roguey, gammafunk_ghost_abyssal_escape, serial_shops,
          shop_coins, minmay_bent
D:14:     layout_basic, erik_vaults_1, okawaru_metal_pillars_1_2,
          grunt_ministairs_1
D:15:     grunt_enter_depths_snipers, layout_gridville, nicolae_wwwww,
          dreamdust_looks_like_rain, uniq_jorgrun, uniq_azrael
Temple:   nicolae_temple_ecumenical_triangle
Lair:1:   layout_gridlike, lemuel_fruit_tree, serial_bayou_shore_b,
          lemuel_fruit_fields
Lair:2:   layout_misc_corridors, minmay_swamp_entry_swarm,
          nicolae_snake_entry_squirm, minmay_lair_oklob_items
Lair:3:   layout_roguey, beast_lair_carwin_4
Lair:4:   layout_layer_cave, nicolae_slime_entry_field_trip
Lair:5:   hellmonk_lair_end_abyssal_woods, layout_hall_layers, basic_altar,
          serial_bayou_shore_b, uniq_urug
Swamp:1:  layout_falls_marsh, evilmike_swamp_ruin_rubble_1, swamp_pool2
Swamp:2:  layout_basic_swamp, hangedman_swamp_cone, swamp_pool3
Swamp:3:  layout_basic_swamp, hangedman_swamp_ruin_wall
Swamp:4:  swamp_alternative, layout_basic_swamp, ebering_ghost_xom,
          infiniplex_staircase_pool
Snake:1:  layout_onion_interference, basic_altar
Snake:2:  layout_grid_shapes, serial_shops, shop, nicolae_triple_integral
Snake:3:  layout_concentric_octagons, uniq_asterion
Snake:4:  hellmonk_snake_rune_quicksilver_temple, layout_misc_corridors,
          drop_trap, uniq_aizul
Orc:1:    lemuel_ogre_cave, layout_caves, nicolae_orc_tapped_out, uniq_snorg
Orc:2:    pf_orc_diabolical, layout_diamond_mine, serial_shops, bzr_entry_islet
Elf:1:    layout_geoelf_grid, hangedman_elf_represent
Elf:2:    elven_hall_of_blades_hangedman_alternative
          [nicolae_blade_entry_sentries_behind_glass], layout_geoelf_octagon,
          serial_shops, shop_fountains
Elf:3:    minmay_elf_hall_four_x, layout_geoelf_castle,
          gammafunk_ghost_tricky_traps, st_stairs_7, corner_web_ring,
          nicolae_fountain_basement
Vaults:1: vaults_room_ringed_pool, ontoclasm_vaults_spin, hangedman_vaults_hat,
          nicolae_vaults_network_barrier, vaults_dpeg_diagonal,
          ontoclasm_vaults_hangar, v_rooms_2, hangedman_vaults_trim,
          hangedman_vaults_pinch, grunt_vaults_hallway_long, v_misc_16,
          st_quartered_hall, vaults_room_semicircle, ontoclasm_vaults_ligature,
          layout_vaults_omnibox
Vaults:2: nicolae_vaults_bisected_slash, vaults_dpeg_doors,
          ontoclasm_vaults_ring_large, hangedman_vaults_impose,
          hangedman_vaults_slither, nicolae_vaults_big_angled_halls,
          ontoclasm_vaults_claustrophobia, vaults_standard_mumra_x,
          hangedman_vaults_nodes, nicolae_vaults_rhombus_5,
          nicolae_vaults_border_crossing, nicolae_vaults_sealed_display,
          layout_vaults_ring
Vaults:3: vaults_mumra_minichess, nicolae_vaults_network_quincunx
          [nicolae_vaults_network_quincunx_subvault,
          nicolae_vaults_network_quincunx_subvault,
          nicolae_vaults_network_quincunx_subvault,
          nicolae_vaults_network_quincunx_subvault,
          nicolae_vaults_network_quincunx_subvault], v_pattern_2, v_misc_17,
          v_misc_13, v_misc_30, nicolae_vaults_alarming, vaults_room_corners,
          vaults_dpeg_emergency_exit, layout_vaults_omnicross, uniq_donald,
          uniq_jory, uniq_margery
Vaults:4: gammafunk_ghost_fury_of_okawaru, hangedman_vaults_nails,
          vaults_dpeg_spiral, vaults_standard_mumra_lines, v_misc_15,
          ontoclasm_vaults_fault, vaults_room_grid, vaults_room_door_hall,
          nicolae_vaults_angled_halls, nicolae_vaults_theta,
          dpeg_vaults_monster_box, vaults_room_pools, vaults_dpeg_ring,
          layout_vaults_chaotic_city, serial_shops, bzr_in_the_mist
Vaults:5: serial_shops
Crypt:1:  layout_chaotic_city
Crypt:2:  layout_gridlike, lemuel_upstairs_altar
Crypt:3:  lightli_unholy_cathedral, layout_chaotic_city,
          tomb_entry_forgotten_bobbens, hangedman_blasphemy
Depths:1: layout_big_octagon, serial_shops, nicolae_shop_waterfront,
          columned_hall_lemuel, grunt_metal_band, kennysheep_generic_room_3,
          grunt_megastairs_2
Depths:2: cheibrodos_hall_of_evolution, layout_gridlike, enter_ziggurat_c,
          pan_entry, minmay_staircase_bubble, grunt_hell_entry_dis_old,
          reono_crystal_passage, minivault_16, nicolae_shop_gadgets
Depths:3: hangedman_cross_cluster, layout_basic, abyss_entry,
          pf_dread_powers_of_hell, ebering_ghost_rock_garden,
          corexii_corridor_pit, serial_glass, glass_columns_a, glass_columns_a,
          serial_bayou_shore_b, uniq_mara
Depths:4: grunt_crosshair, layout_basic, hell_entry, minmay_shoptagon,
          uniq_grunn
Zot:1:    kennysheep_blocky_hall, layout_gridlike, gammafunk_ghost_grave,
          uniq_vv
Zot:2:    layout_onion_interference, st_large_dragon_hoard_1
Zot:3:    hangedman_zot_vaults_quadrants, layout_onion_interference,
          st_stairs_11, skrybe_zot_glass_2
Zot:4:    layout_cellular_growth, hangedman_swamp_dais, grunt_megastairs_3
Zot:5:    layout_gridlike

Skill      XL: |  1  2  3  4  5  6  7  8  9 10 11 12 13 14 15 16 17 18 19 20 21 22 23 24 25 26 |
---------------+-------------------------------------------------------------------------------+-----
Stealth        | 1 2 4 |  4.2
Unarmed Combat | 4 5 6 7 9 10 12 14 15 16 18 20 21 24 25 27 | 27.0
Dodging        | 2 3 5 7 8 10 11 13 14 15 18 19 21 22 23 24 | 24.5
Evocations     | 1 2 3 6 7 |  7.6
Fighting       | 3 5 6 10 11 13 15 16 19 22 23 25 | 25.5
Transmutations | 4 7 9 10 15 17 | 17.1
Spellcasting   | 4 6 8 9 11 | 11.3
Ice Magic      | 3 |  3.9
Translocations | 3 8 9 |  9.3

Action                     |  1- 3 |  4- 6 |  7- 9 | 10-12 | 13-15 | 16-18 | 19-21 | 22-24 | 25-27 || total
---------------------------+-------+-------+-------+-------+-------+-------+-------+-------+-------++-------
  Melee: Unarmed           |   105 |   133 |   314 |   854 |  1616 |  1135 |   914 |  1062 |   586 ||  6719
         Kick              |    16 |    32 |    75 |   263 |   560 |    42 |       |       |       ||   988
         Tailslap          |    10 |    13 |    32 |   136 |   278 |   141 |   194 |   228 |   131 ||  1163
         Headbutt          |     7 |    21 |    44 |   157 |   322 |    24 |       |       |       ||   575
         Punch             |     2 |     2 |     8 |    52 |   188 |    98 |   146 |   200 |   129 ||   825
         Bite              |       |       |       |       |       |    74 |   135 |   142 |   102 ||   453
  Throw: Dart              |       |    23 |    21 |    11 |    13 |       |       |       |       ||    68
   Cast: Beastly Appendage |    20 |    27 |    45 |    71 |   121 |    13 |       |       |       ||   297
         Ice Form          |       |       |       |     9 |     5 |    25 |     4 |       |       ||    43
         Wereblood         |       |       |       |     1 |     1 |       |       |       |       ||     2
         Dragon Form       |       |       |       |       |       |    51 |    90 |   104 |    57 ||   302
         Blink             |       |       |       |       |       |     1 |       |       |       ||     1
         Vhi's Electric Ch |       |       |       |       |       |     1 |    43 |    95 |    23 ||   162
         Manifold Assault  |       |       |       |       |       |       |       |     1 |       ||     1
 Invoke: Serpent's Lash    |       |       |       |       |     1 |       |     1 |       |       ||     2
Ability: Lunge             |       |       |       |    49 |    73 |   107 |    90 |    95 |    51 ||   465
         Whirlwind         |       |       |       |    11 |    18 |    64 |    43 |    32 |    17 ||   185
         End Transformatio |       |       |       |     1 |     2 |     7 |       |     1 |       ||    11
         Breathe Dispellin |       |       |       |       |     6 |       |     1 |     1 |       ||     8
         Wall Jump         |       |       |       |       |       |       |     1 |       |       ||     1
  Evoke: Wand              |       |       |     6 |    11 |     8 |     3 |     2 |       |       ||    30
    Use: Scroll            |       |     4 |     4 |    16 |    10 |     6 |     6 |     4 |     2 ||    52
         Potion            |       |       |       |     3 |     7 |     3 |     6 |       |     8 ||    27
   Stab: Sleeping          |     4 |       |     2 |     7 |    19 |    11 |     1 |     3 |       ||    47
         Distracted        |       |       |       |       |     3 |     2 |     3 |     1 |       ||     9
 Armour: Skin              |    17 |    15 |    71 |   129 |   337 |   221 |   153 |   178 |   153 ||  1274
  Dodge: Dodged            |    57 |    80 |   176 |   345 |   968 |   704 |   459 |   574 |   345 ||  3708
  Block: Other             |       |    16 |    60 |   136 |   271 |   161 |    91 |   124 |    62 ||   921
         Reflection        |       |       |     4 |     3 |     7 |    20 |    11 |    10 |     3 ||    58

Table legend: (Time is in decaauts)
 A = Elapsed time spent in this place.
 B = Non-inter-level travel time spent in this place.
 C = Inter-level travel time spent in this place.
 D = Time resting spent in this place.
 E = Time spent auto-exploring this place.
 F = Levels seen in this place.
 G = Mean time per level.
                   A        B        C        D        E       F      G
               +--------+--------+--------+--------+--------+-----+--------+
         Total |  82162 |  76889 |   5273 |  22452 |  38858 |  56 | 1467.2 |
       Dungeon |  23373 |  20879 |   2494 |   6065 |  10144 |  15 | 1558.2 |
        Temple |     50 |     50 |      0 |      0 |     38 |   1 |   50.0 |
          Lair |   9910 |   9428 |    482 |   4154 |   3902 |   5 | 1982.0 |
         Swamp |   3952 |   3733 |    219 |   1003 |   2088 |   4 |  988.0 |
     Snake Pit |   6344 |   6092 |    252 |   1336 |   3475 |   4 | 1586.0 |
  Orcish Mines |   3783 |   3576 |    207 |   1379 |   1086 |   2 | 1891.5 |
   Elven Halls |   4546 |   4404 |    142 |   1069 |   2501 |   3 | 1515.3 |
        Vaults |  11216 |  10540 |    676 |   2152 |   6489 |   5 | 2243.2 |
         Crypt |   3648 |   3562 |     86 |    791 |   2099 |   3 | 1216.0 |
        Depths |   6760 |   6384 |    376 |   1818 |   3566 |   4 | 1690.0 |
           Zot |   7790 |   7454 |    336 |   2608 |   3230 |   5 | 1558.0 |
         Abyss |    438 |    438 |      0 |     74 |      0 |   3 |  146.0 |
        Bazaar |    346 |    346 |      0 |      0 |    240 |   2 |  173.0 |
               +--------+--------+--------+--------+--------+-----+--------+

Top non-repeatable levels by time:
Vaults:4: 3184 daAuts
  Lair:2: 3020 daAuts
  Lair:5: 2922 daAuts
   Orc:2: 2619 daAuts
    D:12: 2568 daAuts
 Snake:1: 2561 daAuts
   Elf:3: 2538 daAuts
     D:8: 2430 daAuts
Depths:3: 2323 daAuts
    D:15: 2279 daAuts
Vaults:1: 2245 daAuts
    D:10: 2231 daAuts
Vaults:3: 2148 daAuts
   Zot:2: 2140 daAuts
Depths:2: 1857 daAuts
